 Dungeon Sprint DCSS version 0.27-a0-1347-gd8886f0a89 (webtiles) character file.

Game seed: 13713325085497357103

3420 howech the Cruncher (level 9, -18/85 HPs)
             Began as a Minotaur Gladiator on June 25, 2021.
             Was an Elder of Trog.
             Demolished by an alligator snapping turtle (38 damage)
             ... in the Dungeon (Sprint VII: "The Pits") on June 27, 2021.
             The game lasted 00:07:01 (1419 turns).

howech the Cruncher (Minotaur Gladiator)            Turns: 1419, Time: 00:07:01

Health: -18/85     AC: 17    Str: 22    XL:     9   Next: 76%
Magic:  8/8        EV: 10    Int:  5    God:    Trog [****..]
Gold:   0          SH:  0    Dex: 15    Spells: 8/8 levels left

rFire    . . .     SeeInvis .   v - +4 quarterstaff (speed)
rCold    . . .     Faith    .   (shield currently unavailable)
rNeg     . . .     Spirit   .   o - +2 plate armour
rPois    .         Reflect  .   c - +0 hat
rElec    .         Harm     .   (no cloak)
rCorr    .         Rampage  .   (no gloves)
Will     .....     NoTele   +   t - +0 pair of boots
Stlth    ..........             (no amulet)
HPRegen  0.24/turn              q - +3 ring of strength
MPRegen  0.11/turn              (no ring)

@: no status effects
A: horns 2, retaliatory headbutt
a: Renounce Religion, Berserk, Trog's Hand, Brothers in Arms


You were in the Dungeon.
You worshipped Trog.
Trog was greatly pleased with you.
You visited 1 branch

Inventory:

Hand Weapons
 a - a +0 quarterstaff
 k - a +2 quarterstaff
 p - a +1 quarterstaff of speed
 u - a +1 broad axe of venom
 v - a +4 quarterstaff of speed (weapon)
 w - a +1 vorpal battleaxe
Missiles
 d - 2 throwing nets (quivered)
Armour
 b - a +0 leather armour
 c - a +0 hat (worn)
 o - a +2 plate armour (worn)
 s - a +4 chain mail
 t - a +0 pair of boots (worn)
 x - +0 acid dragon scales
Jewellery
 q - a +3 ring of strength (left hand)
 r - a +3 ring of strength
Scrolls
 j - a scroll of blinking
 m - 5 scrolls of amnesia
 n - a scroll of summoning
Potions
 e - 9 potions of curing
 f - 7 potions of heal wounds
 g - 3 potions of haste
 h - 4 potions of magic
 i - 4 potions of berserk rage
 l - 2 potions of invisibility


   Skills:
 + Level 9.9 Fighting
 + Level 9.6 Axes
 * Level 13.8 Staves
 + Level 8.3 Throwing
 + Level 9.7 Armour
 + Level 9.5 Dodging
 + Level 7.4 Evocations


You had 8 spell levels left.
You didn't know any spells.
Your spell library was empty.

Dungeon Overview and Level Annotations

Branches:
Dungeon (1/1)

Altars:
Ashenzari
Cheibriados
Dithmenos
Elyvilon
Fedhas
Gozag
Hepliaklqana
Kikubaaqudgha
Makhleb
Nemelex Xobeh
Okawaru
Qazlal
Ru
Sif Muna
Trog
Uskayaw
Vehumet
Wu Jian
Xom
Yredelemnul
Zin
The Shining One
Beogh
Jiyva
Lugonu


Innate Abilities, Weirdness & Mutations

You have a pair of horns on your head.
You reflexively headbutt those who attack you in melee.


Message History

Your ogre dies!
Your ogre's corpse disappears in a puff of smoke!
The minotaur bellows!
Unknown command.
The bog body points at you and mumbles some strange words.
You resist with significant effort.
A lindwurm comes into view.
The minotaur hits you!! The minotaur barely misses you.
An alligator snapping turtle comes into view.
You hit the minotaur but do no damage.
The minotaur is almost dead.
Unknown command.
Your ogre goes berserk!
The minotaur closely misses you.
The minotaur gores you but does no damage.
Throw: 3 throwing nets
Press: ? - help, Q - select action, (/) - cycle Shift-Dir - straight line, f - minotaur
Aim: a minotaur, wearing a +0 chain mail and quivering javelins (almost dead, ally target, 76% to hit)
You throw a throwing net. The throwing net hits the minotaur.
The minotaur is caught in the net!
The minotaur is almost dead.
The minotaur struggles against the net.
Your ogre barely misses the minotaur.
You hit the minotaur but do no damage.
You headbutt the minotaur, but do no damage.
The minotaur is almost dead.
The minotaur struggles against the net.
You catch the helpless minotaur completely off-guard!
You sock the minotaur!
You kill the minotaur!
Trog accepts your kill.
The alligator snapping turtle bites you from afar!!
You swap places.
The lindwurm bites you!
* * * LOW HITPOINT WARNING * * *
The lindwurm barely misses you. The lindwurm completely misses you.
There is an open door, spattered with blood here.
Things that are here:
7 javelins; a +0 chain mail Unknown command.
The alligator snapping turtle bites you from afar!!!
You die...

............# #####''#####
...##''# ...##..# ...##).#
...##..#### #+# ####
...##..#..#####.##...##+##
...##..#....##...#...#...#
...##..'.....#..@#n..#...#
#####..'.....'...Ot$.+...+
#####..'.....#...#k..#...#
![[##..#....##...#...#...#
...##..#..#####.##...##†##
.).##..####...#'######...##
.))##..##.....(........#..#
..)##..#..............###..#
####################### ####


You could see an alligator snapping turtle (ally target), a lindwurm and a
friendly ogre (summoned, berserk).

Vanquished Creatures
  A minotaur (D)
  A shadow wraith (D)
  A freezing wraith (D)
  A ynoxinul (D)
  A sky beast (D)
  A swamp drake (D)
  An orc warrior (D)
  A scorpion (D)
  2 hounds (D)
  A gnoll shaman (D)
  A jelly (D)
  An orc wizard (D)
  2 adders (D)
  3 gnolls (D)
  A river rat (D)
  3 orcs (D)
  A goblin (D)
  3 jackals (D)
  3 quokkas (D)
  2 ball pythons (D)
  2 frilled lizards (D)
33 creatures vanquished.

Vanquished Creatures (collateral kills)
  A hydra (D)
  A cyclops (D)
  A black mamba (D)
  An eye of devastation (D)
  A gargoyle (D)
  A kobold demonologist (D)
  An acid dragon (D)
  A floating eye (D)
  A kobold brigand (D)
9 creatures vanquished.

Vanquished Creatures (others)
  A sky beast (D)
1 creature vanquished.

Grand Total: 43 creatures vanquished

Notes
Turn   | Place    | Note
-------+----------+-------------------------------------------
     0 | D        | howech the Minotaur Gladiator began the quest for the Orb.
     0 | D        | Reached XP level 1. HP: 18/18 MP: 0/0
    36 | D        | Found a glowing golden altar of the Shining One.
    36 | D        | Found a glowing silver altar of Zin.
    36 | D        | Found a basalt altar of Yredelemnul.
    36 | D        | Found a shimmering altar of Xom.
    36 | D        | Found an ornate altar of the Wu Jian Council.
    36 | D        | Found a bloodstained altar of Trog.
    36 | D        | Found a shimmering blue altar of Sif Muna.
    36 | D        | Found a sacrificial altar of Ru.
    36 | D        | Found a stormy altar of Qazlal.
    36 | D        | Found an iron altar of Okawaru.
    36 | D        | Found a sparkling altar of Nemelex Xobeh.
    36 | D        | Found a burning altar of Makhleb.
    36 | D        | Found a viscous altar of Jiyva.
    36 | D        | Found a hazy altar of Hepliaklqana.
    36 | D        | Found an opulent altar of Gozag.
    36 | D        | Found a blossoming altar of Fedhas.
    36 | D        | Found a white marble altar of Elyvilon.
    36 | D        | Found a shadowy altar of Dithmenos.
    36 | D        | Found a snail-covered altar of Cheibriados.
    37 | D        | Found a radiant altar of Vehumet.
    37 | D        | Found a corrupted altar of Lugonu.
    39 | D        | Became a worshipper of Trog the Wrathful
    40 | D        | Upgraded the game from 0.27-a0-1332-g84bddb5ca7 to
                  | 0.27-a0-1347-gd8886f0a89
    49 | D        | Found a hide-covered altar of Uskayaw.
    49 | D        | Found an ancient bone altar of Kikubaaqudgha.
    49 | D        | Found a broken altar of Ashenzari.
    63 | D        | Reached skill level 1 in Axes
    63 | D        | Reached skill level 4 in Staves
    75 | D        | Reached * piety under Trog
    76 | D        | Reached skill level 1 in Armour
    76 | D        | Reached skill level 1 in Evocations
    76 | D        | Reached XP level 2. HP: 13/26 MP: 1/1
   241 | D        | Reached ** piety under Trog
   257 | D        | Reached skill level 5 in Staves
   257 | D        | Reached XP level 3. HP: 24/33 MP: 2/2
   392 | D        | Noticed a sky beast
   403 | D        | Reached *** piety under Trog
   412 | D        | Killed a sky beast
   413 | D        | Reached skill level 7 in Staves
   413 | D        | Reached skill level 5 in Dodging
   413 | D        | Reached XP level 4. HP: 41/41 MP: 3/3
   413 | D        | Reached XP level 5. HP: 47/47 MP: 4/4
   417 | D        | Reached skill level 5 in Fighting
   420 | D        | Reached **** piety under Trog
   423 | D        | Noticed an orc warrior
   435 | D        | Killed an orc warrior
   436 | D        | Reached skill level 5 in Axes
   436 | D        | Reached skill level 8 in Staves
   436 | D        | Reached skill level 5 in Armour
   436 | D        | Reached XP level 6. HP: 35/57 MP: 5/5
   439 | D        | Reached skill level 5 in Throwing
   440 | D        | Reached ***** piety under Trog
   515 | D        | Reached skill level 9 in Staves
   633 | D        | Killed a shadow wraith
   634 | D        | Reached skill level 11 in Staves
   634 | D        | Reached skill level 5 in Evocations
   634 | D        | Reached XP level 7. HP: 24/66 MP: 6/6
   849 | D        | Received a gift from Trog
   887 | D        | Reached XP level 8. HP: 74/74 MP: 7/7
  1088 | D        | Noticed a gargoyle
  1088 | D        | Noticed an eight-headed hydra
  1099 | D        | Killed a nine-headed hydra
  1103 | D        | Killed a gargoyle
  1104 | D        | Reached skill level 12 in Staves
  1198 | D        | Noticed a cyclops
  1198 | D        | Noticed a black mamba
  1198 | D        | Noticed a kobold demonologist
  1200 | D        | Killed a kobold demonologist
  1201 | D        | Killed a black mamba
  1201 | D        | Received a gift from Trog
  1203 | D        | Reached XP level 9. HP: 82/82 MP: 8/8
  1208 | D        | Killed a cyclops
  1222 | D        | Noticed a freezing wraith
  1222 | D        | Noticed an eye of devastation
  1233 | D        | Killed a freezing wraith
  1234 | D        | Reached skill level 13 in Staves
  1243 | D        | Killed an eye of devastation
  1405 | D        | Noticed a minotaur
  1407 | D        | Noticed a bog body
  1412 | D        | Noticed a lindwurm
  1412 | D        | Noticed an alligator snapping turtle
  1417 | D        | Killed a minotaur
  1419 | D        | Demolished by an alligator snapping turtle

Illustrated notes

Levels and vault maps discovered:
D:        pitsprint [storerooms_1, entrance_room_1, metal_vault_1, armoury_1,
          mini_pit_1, grid_room_1, main_hall_1, silver_pit, the_coven_3,
          the_vestibule_1, steel_vault_2, golden_pit, hallway_of_sentries,
          crystal_vault_4, iron_vault_3, final_vault]

Skill      XL: |  1  2  3  4  5  6  7  8  9 |
---------------+----------------------------+-----
Axes           | 1 2 4 5 7 8 9 |  9.6
Staves         | 4 5 7 8 11 12 13 | 13.8
Fighting       | 3 4 5 7 8 9 |  9.9
Armour         | 1 2 3 5 7 8 9 |  9.7
Evocations     | 1 2 3 4 5 6 7 |  7.4
Throwing       | 3 4 6 7 8 |  8.3
Dodging        | 4 5 6 7 8 9 |  9.5

Action                   |  1- 3 |  4- 6 |  7- 9 || total
-------------------------+-------+-------+-------++-------
Melee: Quarterstaff      |    29 |    32 |    54 ||   115
       Headbutt          |     4 |     7 |    14 ||    25
Throw: Throwing net      |     2 |       |     1 ||     3
Invok: Trog's Hand       |       |     1 |     2 ||     3
       Brothers in Arms  |       |       |     5 ||     5
  Use: Potion            |       |       |     1 ||     1
 Stab: Held in net/web   |       |       |     1 ||     1
Armor: Leather armour    |     9 |       |       ||     9
       Plate armour      |     4 |     6 |    27 ||    37
Dodge: Dodged            |    19 |     4 |    17 ||    40

Table legend: (Time is in decaauts)
 A = Elapsed time spent in this place.
 B = Non-inter-level travel time spent in this place.
 C = Inter-level travel time spent in this place.
 D = Time resting spent in this place.
 E = Time spent auto-exploring this place.
 F = Levels seen in this place.
 G = Mean time per level.
                   A        B        C        D        E       F      G
               +--------+--------+--------+--------+--------+-----+--------+
         Total |   1381 |   1381 |      0 |    858 |      0 |   1 | 1381.0 |
       Dungeon |   1381 |   1381 |      0 |    858 |      0 |   1 | 1381.0 |
               +--------+--------+--------+--------+--------+-----+--------+

Top non-repeatable levels by time:
       D: 1381 daAuts
